 Dungeon Crawl Stone Soup version 0.19.5 (webtiles) character file.

7996 sveltemanboy the Cruncher (level 11, 0/50 HPs)
             Began as a Vine Stalker Hunter on Mar 5, 2017.
             Was a High Priest of Okawaru.
             Slain by a black mamba (2 damage)
             ... on level 1 of the Lair of Beasts.
             The game lasted 00:29:17 (9674 turns).

sveltemanboy the Cruncher (Vine Stalker Hunter)     Turns: 9674, Time: 00:29:18

Health: 0/50       AC: 11    Str: 21 (23) XL:     11   Next: 24%
Magic:  0/14       EV: 11    Int: 15 (18) God:    Okawaru [*****.]
Gold:   73         SH:  0    Dex: 13 (15) Spells: 0 memorised, 10 levels left

rFire  . . .     SeeInvis +     b - +1 lajatang
rCold  . . .     Gourm    +     h - +0 ring mail
rNeg   . . .     Faith    .     (shield currently unavailable)
rPois  +         Spirit   +     s - +1 helmet
rElec  .         Reflect  .     t - +0 cloak
rCorr  .         Harm     .     F - +2 pair of gloves {Str+3}
MR     +....                    (no boots)
Stlth  ..........               L - amulet of the gourmand
                                r - ring of see invisible
                                Q - ring of Siocsic {rPois Int+4 Stlth-}

@: mighty, very slightly contaminated, invisible
A: fangs 3, regeneration 1, magic shield, antimagic bite, no device heal 3, rot
immunity
a: Heroism, Finesse, Renounce Religion


You were on level 1 of the Lair of Beasts.
You worshipped Okawaru.
Okawaru was extremely pleased with you.
You were completely stuffed.

You visited 2 branches of the dungeon, and saw 12 of its levels.

You collected 614 gold pieces.
You spent 541 gold pieces at shops.

Inventory:

Hand Weapons
 a - a +1 hand crossbow
 b - a +1 lajatang (weapon)
 D - a +0 arbalest
Missiles
 d - 71 bolts
Armour
 h - a +0 ring mail (worn)
 s - a +1 helmet (worn)
 t - a +0 cloak (worn)
 F - a +2 pair of gloves of strength (worn)
Jewellery
 r - a ring of see invisible (right hand)
 E - an uncursed ring of flight
 L - an amulet of the gourmand (around neck)
 Q - the ring of Siocsic (left hand) {rPois Int+4 Stlth-}
   (You bought it in a shop on level 10 of the Dungeon)

   [ring of loudness]

   It affects your intelligence (+4).
   It protects you from poison.
   It makes you less stealthy.
Wands
 j - a wand of enslavement (20/24)
 v - a wand of enslavement (8/24)
 x - a wand of lightning (9/15)
 G - a wand of digging (10/24)
 J - a wand of iceblast (6/15)
 N - a wand of polymorph (11/24)
 R - a wand of disintegration (10/24)
Scrolls
 k - 2 scrolls of remove curse
 l - 4 scrolls of teleportation
 n - a scroll of recharging
 p - a scroll of amnesia
 u - 3 scrolls of fog
 y - 2 scrolls of enchant armour
Potions
 c - a potion of might
 e - 2 potions of degeneration
 g - 3 potions of invisibility
 m - a potion of lignification
 o - 3 potions of haste
 q - a potion of resistance
 z - a potion of flight
 A - 4 potions of curing
 H - 4 potions of brilliance
 I - a potion of agility
 O - a potion of mutation {unknown}
Books
 K - a book of Maledictions

   Spells                             Type                      Level
   a - Corona                         Hexes                        1
   b - Ensorcelled Hibernation        Hexes/Ice                    2
   c - Confuse                        Hexes                        3
   d - Tukima's Dance                 Hexes                        3
   e - Dazzling Spray                 Conjuration/Hexes            3
Comestibles
 f - 7 bread rations
 i - 5 meat rations
 w - 5 chunks of flesh
 B - 8 beef jerkies
 C - 4 fruits


   Skills:
 - Level 2.0 Fighting
 + Level 13.5 Staves
 - Level 6.1 Crossbows
 - Level 2.0 Armour
 - Level 2.0 Dodging
 - Level 1.2 Stealth
 - Level 3.4 Invocations


You had 10 spell levels left.
You didn't know any spells.

Dungeon Overview and Level Annotations

Branches:
Dungeon (11/15)            Temple (0/1) D:5            Lair (1/6) D:10
    Orc (0/2) D:9

Altars:
Ashenzari
Dithmenos
Elyvilon
Fedhas
Gozag
Kikubaaqudgha
Makhleb
Okawaru
Sif Muna
Trog
Uskayaw

Shops:
D:4 (   D:5 *   D:7 (   D:10 ==*(=


Innate Abilities, Weirdness & Mutations

You have razor-sharp teeth.
Your natural rate of healing is unusually fast.
When hurt, damage is shared between your health and your magic reserves.
Your bite disrupts and absorbs the magic of your enemies.
Potions and wands cannot restore your health.
You are immune to rotting.


Message History

The black mamba barely misses you.
You are very lightly contaminated with residual magic.
It was a potion of might.
You feel very mighty all of a sudden.
* * * LOW HITPOINT WARNING * * *
You feel sick.
The black mamba bites you but does no damage.
The black mamba barely misses you.
It was a potion of degeneration.
There was something very wrong with that liquid.
You feel weakened.
You feel dopey.
You feel clumsy.
* * * LOW HITPOINT WARNING * * *
You feel sick.
The black mamba bites you but does no damage.
The black mamba barely misses you.
It was a potion of curing.
Your system rejects the healing.
You feel better. The black mamba bites you!
* * * LOW HITPOINT WARNING * * *
The black mamba bites you.
You die...

##### #...#### #...##.# #
# #......## #.#####
##......# ###...P# #.
#......######....... #...
##:@.#.#......#...#.
#..##S###....#####...#รท
#..(..#....### #[#<
##...(...#...## ###...
#.............####...#.
#..#..(##.....##........
#..###...##....##........
#(. #..#.#.##.#........#
.. ##.................P


You could see a black mamba.

Vanquished Creatures
  A hill giant (D:10)
  The ghost of tof the Twirler, a novice MiGl (D:4)
  A spiny frog (Lair:1)
  The ghost of equalderp2856 the Gouger, a novice FeFi (D:7)
  A komodo dragon (Lair:1)
  A troll (D:9)
  2 two-headed ogres (D:9)
  3 hippogriffs
  3 hill giant zombies (D:9)
  4 hungry ghosts
  Edmund (D:5)
  A porcupine (Lair:1)
  An orc warrior (D:6)
  3 phantoms
  5 ice beasts
  5 sky beasts
  5 ogres
  A necrophage (D:10)
  A crocodile (D:7)
  4 centaurs
  4 bullfrogs
  A water moccasin zombie (D:8)
  2 troll zombies (D:9)
  A water moccasin skeleton (D:7)
  3 howler monkeys
  4 crimson imps
  2 jellies (D:6)
  Crazy Yiuf (D:2)
  An orc priest (D:4)
  6 hounds
  2 bullfrog skeletons
  A centaur skeleton (D:6)
  Terence (D:3)
  2 iguanas (D:10)
  6 orc wizards
  8 worker ants
  3 ogre zombies (D:9)
  Robin (D:2)
  4 gnolls (D:4)
  8 adders
  5 shadow imps
  2 oozes
  2 adder zombies (D:6)
  4 worms
  A dart slug (D:1)
  5 leopard geckos
  27 orcs
  8 bats
  7 giant cockroaches
  15 goblins
  12 hobgoblins
  9 jackals
  3 quokkas
  A ball python (D:2)
  5 frilled lizards
  A giant cockroach zombie (D:6)
  3 goblin skeletons (D:9)
  4 goblin zombies (D:9)
  A hobgoblin skeleton (D:9)
  4 hobgoblin zombies (D:9)
  6 kobolds
  4 orc skeletons (D:9)
  9 orc zombies (D:9)
  A quokka skeleton (D:4)
  10 rats
255 creatures vanquished.

Notes
Turn   | Place    | Note
-------+----------+-------------------------------------------
     0 | D:1      | sveltemanboy the Vine Stalker Hunter began the quest for the Orb.
     0 | D:1      | Reached XP level 1. HP: 11/11 MP: 2/2
   236 | D:1      | Reached XP level 2. HP: 15/15 MP: 3/3
   367 | D:1      | Reached skill level 1 in Armour
   619 | D:1      | Reached XP level 3. HP: 18/18 MP: 4/4
  1102 | D:2      | Noticed Robin
  1150 | D:2      | Killed Robin
  1331 | D:2      | Found an iron altar of Okawaru.
  1332 | D:2      | Found an ancient bone altar of Kikubaaqudgha.
  1341 | D:2      | Found a shattered altar of Ashenzari.
  1342 | D:2      | Found a blossoming altar of Fedhas.
  1344 | D:2      | Became a worshipper of Warmaster Okawaru
  1363 | D:2      | Gained mutation: Your natural rate of healing is unusually fast. [Vine Stalker growth]
  1363 | D:2      | Reached XP level 4. HP: 23/23 MP: 5/5
  1657 | D:2      | Reached skill level 1 in Staves
  1778 | D:2      | Found a runed door.
  1783 | D:2      | Noticed Crazy Yiuf
  1794 | D:2      | Killed Crazy Yiuf
  2033 | D:3      | Reached skill level 1 in Invocations
  2035 | D:3      | Noticed Terence
  2043 | D:3      | Killed Terence
  2043 | D:3      | Reached skill level 2 in Staves
  2043 | D:3      | Reached XP level 5. HP: 26/26 MP: 6/6
  2917 | D:4      | Noticed tof's ghost (novice MiGl)
  3023 | D:4      | Found a hide-covered altar of Uskayaw.
  3023 | D:4      | Noticed a hand axe
  3023 | D:4      | Noticed a dagger
  3063 | D:4      | Reached skill level 3 in Staves
  3063 | D:4      | Reached XP level 6. HP: 14/30 MP: 5/8
  3138 | D:4      | Killed tof's ghost
  3138 | D:4      | Reached * piety under Okawaru
  3138 | D:4      | Reached skill level 4 in Staves
  3138 | D:4      | Reached XP level 7. HP: 24/35 MP: 4/10
  3246 | D:4      | Reached skill level 5 in Staves
  3321 | D:4      | Found a bloodstained altar of Trog.
  3422 | D:4      | Found Vuatsee's Weapon Emporium.
  3455 | D:4      | Found a burning altar of Makhleb.
  3542 | D:4      | Reached ** piety under Okawaru
  3775 | D:5      | Entered Level 5 of the Dungeon
  3827 | D:5      | Found an opulent altar of Gozag.
  3887 | D:5      | Noticed Edmund
  3898 | D:5      | Killed Edmund
  3898 | D:5      | Reached skill level 6 in Staves
  3898 | D:5      | Gained mutation: You have razor-sharp teeth. [Vine Stalker growth]
  3898 | D:5      | Reached XP level 8. HP: 38/39 MP: 9/11
  3993 | D:5      | Found a staircase to the Ecumenical Temple.
  4052 | D:5      | Reached skill level 5 in Crossbows
  4170 | D:5      | Found Ilock's Assorted Antiques.
  4173 | D:5      | Bought a pair of runed gloves for 199 gold pieces
  4173 | D:5      | Bought a scroll labeled QIGAINLEHI for 19 gold pieces
  4173 | D:5      | Bought a murky silvery potion for 17 gold pieces
  4173 | D:5      | Bought a scroll labeled ZUSHU EVYPHOSH for 19 gold pieces
  4173 | D:5      | Bought a scroll labeled GOASING IGEDU for 19 gold pieces
  4816 | D:6      | Reached *** piety under Okawaru
  4816 | D:6      | Reached skill level 7 in Staves
  5135 | D:6      | Reached XP level 9. HP: 42/42 MP: 12/12
  5309 | D:6      | Reached skill level 8 in Staves
  5484 | D:7      | Found a white marble altar of Elyvilon.
  5543 | D:7      | Found Cosh's Weapon Boutique.
  5582 | D:7      | Received a gift from Okawaru
  5588 | D:7      | Noticed equalderp2856's ghost (novice FeFi)
  5817 | D:7      | Killed equalderp2856's ghost
  5817 | D:7      | Reached skill level 9 in Staves
  5915 | D:7      | Found a shadowy altar of Dithmenos.
  6163 | D:7      | Reached **** piety under Okawaru
  6423 | D:8      | Reached skill level 10 in Staves
  6581 | D:8      | Reached XP level 10. HP: 26/46 MP: 9/13
  7164 | D:9      | Found a staircase to the Orcish Mines.
  7192 | D:9      | Reached skill level 11 in Staves
  7204 | D:9      | Received a gift from Okawaru
  7441 | D:9      | Received a gift from Okawaru
  7771 | D:9      | Reached skill level 12 in Staves
  7964 | D:9      | Reached ***** piety under Okawaru
  8423 | D:10     | Entered Level 10 of the Dungeon
  8442 | D:10     | Found Ipu Ixodgh's Assorted Antiques.
  8450 | D:10     | Bought a scroll labeled QIKLUBOALOU for 34 gold pieces
  8450 | D:10     | Bought a red potion for 30 gold pieces
  8450 | D:10     | Bought a smoking brass ring for 170 gold pieces
  8450 | D:10     | Bought a scroll labeled ZUSHU EVYPHOSH for 34 gold pieces
  8451 | D:10     | Identified the ring of Siocsic {rPois Int+4 Stlth-} (You bought it in a shop on level 10 of the Dungeon)
  8464 | D:10     | Found Pavuvilo's Weapon Shoppe.
  8490 | D:10     | Found Tiunteg's Jewellery Emporium.
  8570 | D:10     | Noticed a hill giant
  8614 | D:10     | Killed a hill giant
  8764 | D:10     | Reached XP level 11. HP: 50/50 MP: 12/14
  8783 | D:10     | Reached skill level 13 in Staves
  8824 | D:10     | Found Icim's Jewellery Emporium.
  8886 | D:10     | Received a gift from Okawaru
  8996 | D:10     | Found Eghykler's Jewellery Boutique.
  9111 | D:10     | Found a staircase to the Lair.
  9255 | D:10     | Found a deep blue altar of Sif Muna.
  9319 | D:11     | Noticed a death knight
  9319 | D:11     | Noticed a phantasmal warrior
  9404 | Lair:1   | Entered Level 1 of the Lair of Beasts
  9674 | Lair:1   | HP: 2/50 [black mamba (6)]
  9674 | Lair:1   | Slain by a black mamba

Skill      XL: |  1  2  3  4  5  6  7  8  9 10 11 |
---------------+----------------------------------+-----
Armour         | 1 2 |  2.0
Fighting       | 2 |  2.0
Crossbows      | 4 6 |  6.1
Dodging        | 2 |  2.0
Staves         | 2 3 4 6 7 10 12 13 | 13.5
Invocations    | 1 2 3 |  3.4
Stealth        | |  1.2

Action                   |  1- 3 |  4- 6 |  7- 9 | 10-12 || total
-------------------------+-------+-------+-------+-------++-------
Melee: Short sword       |    44 |       |       |       ||    44
       Bite              |    10 |    30 |    52 |    87 ||   179
       Lajatang          |    22 |    41 |     9 |    52 ||   124
       Whip              |       |    92 |   201 |   213 ||   506
 Fire: Hand crossbow     |    42 |    14 |   135 |   113 ||   304
Invok: Heroism           |       |       |     1 |       ||     1
Evoke: Wand              |       |       |       |     4 ||     4
  Use: Scroll            |       |       |     6 |    11 ||    17
       Potion            |       |       |       |     4 ||     4
  Eat: Chunk             |     1 |     6 |    15 |    30 ||    52
       Royal jelly       |       |       |       |     1 ||     1
       Fruit             |       |       |       |     1 ||     1
Armor: Leather armour    |    12 |       |       |       ||    12
       Ring mail         |    21 |    42 |    75 |    78 ||   216
Dodge: Dodged            |    48 |    61 |   115 |    92 ||   316
